 Dungeon Crawl Stone Soup version 0.27-a0-1532-gca18f49f40 (webtiles) character file.

Game seed: 15552207901505802027

293 dickylongcocking the Magician (level 6, -7/48 HPs)
             Began as a Djinni Wanderer on July 12, 2021.
             Mangled by an ice beast (19 damage)
             ... on level 5 of the Dungeon.
             The game lasted 00:03:48 (5854 turns).

dickylongcocking the Magician (Djinni Wanderer)     Turns: 5854, Time: 00:03:48

Health: -7/48      AC:  3    Str: 12 (13) XL:     6   Next: 60%
Gold:   181        EV: 10    Int: 13      God:
                   SH:  0    Dex: 13

rFire    + + .     SeeInvis .   s - +2 dagger (elec)
rCold    x . .     Faith    .   (no shield)
rNeg     . . .     Spirit   .   m - +0 leather armour
rPois    ∞         Reflect  .   (no helmet)
rElec    .         Harm     .   (no cloak)
rCorr    .         Rampage  .   (no gloves)
Will     .....                  (boots unavailable)
Stlth    +.........             (no amulet)
HPRegen  0.16/turn              (no ring)
MPRegen  0.00/turn              (no ring)

@: flying
A: sickness immunity, fire resistance 2, cold vulnerability 1, float, innate
caster, hp casting, extra vitality 1
a: no special abilities


You were on level 5 of the Dungeon.
You visited 1 branch of the dungeon, and saw 5 of its levels.

You collected 241 gold pieces.
You spent 60 gold pieces at shops.

Inventory:

Hand Weapons
 a - a +0 club
 q - a +0 vampiric whip
 s - a +2 dagger of electrocution (weapon)
Armour
 b - a +0 robe
 m - a +0 leather armour (worn)
 o - a +0 kite shield
Jewellery
 k - an amulet of faith
Wands
 h - a wand of polymorph (8)
 t - a wand of flame (9)
Scrolls
 c - 2 scrolls of fear
 d - a scroll of summoning
 e - a scroll of teleportation
 f - 2 scrolls of fog
 g - a scroll of identify
 j - 2 scrolls of enchant armour
 n - a scroll of noise
Potions
 i - a potion of resistance
 l - a potion of might
 p - a potion of brilliance
 r - a potion of haste {unknown}
 u - a potion of curing {unknown}


   Skills:
 * Level 4.3 Fighting
 - Level 1.0 Throwing
 * Level 3.4 Armour
 - Level 1.0 Stealth
 + Level 4.7 Spellcasting
 - Level 1.0 Evocations


You couldn't memorise any spells.
You knew the following spells:

 Your Spells              Type           Power      Damage    Failure   Level
a - Magic Dart            Conj           60%        1d6       3%          1
b - Blink                 Tloc           N/A        N/A       5%          2
c - Call Imp              Summ           15%        N/A       5%          2
d - Slow                  Hex            15%        N/A       5%          2
e - Conjure Flame         Conj/Fire      15%        6-21      11%         3
f - Mephitic Cloud        Conj/Pois/Air  15%        N/A       11%         3
g - Summon Small Mammal   Summ           60%        N/A       3%          1
h - Call Canine Familiar  Summ           15%        N/A       11%         3
i - Freeze                Ice            60%        1d8       3%          1
j - Wereblood             Tmut           15%        N/A       5%          2

Your spell library contained the following spells:

 Spells                   Type           Power      Damage    Failure   Level
 Beastly Appendage        Tmut           30%        N/A       3%          1
 Spider Form              Tmut/Pois      7%         N/A       11%         3


Dungeon Overview and Level Annotations

Branches:
Dungeon (5/15)
 Temple: D:4-7

Altars:
Cheibriados

Shops:
D:4 *

Annotations:
D:3 2 runed translucent doors


Innate Abilities, Weirdness & Mutations

You are immune to sickness and miasma.
You are immune to poison.
Your flesh is very heat resistant. (rF++)
You are vulnerable to cold. (rC-)
You float through the air rather than walking.
You learn spells naturally, not from books.
Your magical power is your life essence.
You have superior vitality. (+4 HP)


Message History

The howler monkey zombie is heavily damaged.
The howler monkey zombie barely misses you.
You hit the howler monkey zombie.
Lightning courses through the howler monkey zombie!
You destroy the howler monkey zombie!
No target in view!
No target in view!
No target in view!
t - a wand of flame (9) No target in view!
A hound comes into view.
A hound is nearby!
A hound is nearby!
You closely miss the hound.
The hound barks!
The hound bites you. The hound bites you but does no damage.
A hound is nearby!
You hit the hound. Lightning courses through the hound!!
You kill the hound!
You feel your dexterity returning.
No target in view!
No target in view!
You now have 181 gold pieces (gained 20).
u - a bubbling golden potion No target in view!
An ice beast comes into view.
An ice beast is nearby!
An ice beast is nearby!
An ice beast is nearby!
The ice beast hits you. The ice beast freezes you!!
You feel a terrible chill!
You barely miss the ice beast.
The ice beast hits you but does no damage.
You closely miss the ice beast. The ice beast hits you.
The ice beast freezes you!
You feel a terrible chill!
* * * LOW HITPOINT WARNING * * *
Unknown command.
The ice beast hits you.
* * * LOW HITPOINT WARNING * * *
The ice beast freezes you!!
You feel a terrible chill!
You die...

#..................#
##........#####.....#
..........#####.....#
....................#
..........#####.....#
......##### ####.####
####### #.......# #
#.......# # #...@...#
# #...Y...# #
.....##.#### # .....
... # .....#.... #
.... #..... # ...
#...... # ##.#####
#.#


You could see an ice beast.

Vanquished Creatures
  A hound (D:5)
  2 orc priests (D:4)
  A centaur skeleton (D:5)
  A hound zombie (D:5)
  2 hound skeletons (D:4)
  A howler monkey zombie (D:5)
  An adder (D:4)
  An ufetubus (D:4)
  2 worms
  3 dart slugs
  3 orcs (D:4)
  4 bats
  3 endoplasms
  3 giant cockroaches
  4 goblins
  A hobgoblin (D:1)
  8 jackals (D:2)
  A quokka (D:1)
  2 ball pythons (D:3)
  4 frilled lizards
  A kobold (D:3)
  4 rats
53 creatures vanquished.

Vanquished Creatures (collateral kills)
  A hound (D:3)
  A mummy (D:3)
  3 gnolls (D:3)
  A worm (D:3)
  An endoplasm (D:2)
  A goblin (D:3)
  A jackal (D:2)
  A bat (D:3)
  A frilled lizard (D:2)
  A kobold (D:2)
  A rat (D:3)
13 creatures vanquished.

Grand Total: 66 creatures vanquished

Notes
Turn   | Place    | Note
-------+----------+-------------------------------------------
     0 | D:1      | dickylongcocking the Djinni Wanderer began the quest for
                  | the Orb.
     0 | D:1      | Reached XP level 1. HP: 18/18 MP: 0/0
   387 | D:1      | Reached XP level 2. HP: 19/24 MP: 0/0
   837 | D:1      | You are sucked into a shaft and drop 1 floor!
   961 | D:2      | HP: 1/24 [frozen (7)]
  1183 | D:2      | Reached XP level 3. HP: 18/29 MP: 0/0
  1183 | D:2      | Learned a level 1 spell: Freeze
  2355 | D:2      | Reached skill level 1 in Armour
  3319 | D:3      | Reached XP level 4. HP: 23/35 MP: 0/0
  3649 | D:3      | Found a snail-covered altar of Cheibriados.
  3767 | D:3      | Found a large runed translucent door.
  3768 | D:3      | Found a large runed translucent door.
  3815 | D:3      | Reached XP level 5. HP: 11/40 MP: 0/0
  3815 | D:3      | Learned a level 2 spell: Wereblood
  4585 | D:4      | HP: 2/40 [adder (1)]
  5014 | D:4      | Reached XP level 6. HP: 28/47 MP: 0/0
  5611 | D:4      | Found Hikk's General Store.
  5614 | D:4      | Bought a potion of brilliance for 40 gold pieces
  5614 | D:4      | Bought a scroll of identify for 20 gold pieces
  5652 | D:5      | Entered Level 5 of the Dungeon
  5846 | D:5      | Noticed an ice beast
  5854 | D:5      | Mangled by an ice beast

Illustrated notes

Levels and vault maps discovered:
D:1:      saegor_arrival_under_anarchy, layout_basic,
          ebering_ecumenical_altar_abandoned
D:2:      layout_loops_ring
D:3:      layout_basic, jmf_multi_god_temple2, slow_altar_1
D:4:      layout_basic, serial_shops, nicolae_shop_behind_doors,
          serial_bayou_pond_e, hangedman_glass_teeth, minmay_bisected
D:5:      layout_basic

Skill      XL: |  1  2  3  4  5  6 |
---------------+-------------------+-----
Armour         | 1 2 3 |  3.4
Fighting       | 3 4 |  4.3
Throwing       | |  1.0
Stealth        | |  1.0
Spellcasting   | |  4.7
Evocations     | |  1.0

Action                   |  1- 3 |  4- 6 || total
-------------------------+-------+-------++-------
Melee: Club              |   171 |    21 ||   192
       Whip              |       |    23 ||    23
       Dagger            |       |    56 ||    56
 Cast: Call Imp          |    20 |     9 ||    29
       Magic Dart        |     1 |       ||     1
  Use: Scroll            |     1 |     8 ||     9
       Potion            |       |     6 ||     6
 Stab: Sleeping          |     5 |     1 ||     6
       Distracted        |     1 |     1 ||     2
Armor: Robe              |    48 |    11 ||    59
       Leather armour    |       |     9 ||     9
Dodge: Dodged            |   128 |    70 ||   198

Table legend: (Time is in decaauts)
 A = Elapsed time spent in this place.
 B = Non-inter-level travel time spent in this place.
 C = Inter-level travel time spent in this place.
 D = Time resting spent in this place.
 E = Time spent auto-exploring this place.
 F = Levels seen in this place.
 G = Mean time per level.
                   A        B        C        D        E       F      G
               +--------+--------+--------+--------+--------+-----+--------+
         Total |   5911 |   5833 |     78 |    899 |   4181 |   5 | 1182.2 |
       Dungeon |   5911 |   5833 |     78 |    899 |   4181 |   5 | 1182.2 |
               +--------+--------+--------+--------+--------+-----+--------+

Top non-repeatable levels by time:
     D:2: 2441 daAuts
     D:3: 1289 daAuts
     D:4: 1127 daAuts
     D:1: 851 daAuts
     D:5: 201 daAuts
